 Dungeon Crawl Stone Soup version 0.29.1-12-g30fa7ad0bf (webtiles) character file.

Game seed: 5090927744053242843

411 raph the Caller (level 6, 0/35 HPs)
             Began as a Deep Elf Summoner on Jan 9, 2023.
             Slain by a bullfrog (4 damage)
             ... in a sewer.
             The game lasted 00:09:35 (5000 turns).

raph the Caller (Deep Elf Summoner)                 Turns: 5000, Time: 00:09:36

Health: 0/35       AC:  6    Str:  5    XL:     6   Next: 58%
Magic:  10/15      EV: 14    Int: 22    God:
Gold:   166        SH:  0    Dex: 21    Spells: 4/15 levels left

rFire   . . .      SeeInvis .   f - +1 dagger
rCold   . . .      Faith    .   (no shield)
rNeg    . . .      Spirit   .   a - +0 robe
rPois   .          Reflect  .   k - +2 helmet
rElec   .          Harm     .   (no cloak)
rCorr   .          Rampage  .   (no gloves)
Will    .....                   c - +0 pair of boots
Stlth   ++........              (no amulet)
HPRegen 0.11/turn               p - +6 ring of dexterity
MPRegen 0.14/turn               (no ring)

@: flying
A: no striking features
a: no special abilities


You were in a sewer.
You visited 1 branch of the dungeon, and saw 4 of its levels.
You also visited: Sewer.

You collected 166 gold pieces.

Inventory:

Hand Weapons
 f - a +1 dagger (weapon)
 o - a +2 antimagic dagger
Missiles
 q - 3 poisoned darts
Armour
 a - a +0 robe (worn)
 c - a +0 pair of boots (worn)
 k - a +2 helmet (worn)
Jewellery
 g - a ring of fire
 j - an amulet of faith
 m - an amulet of guardian spirit
 p - a +6 ring of dexterity (left hand)
Scrolls
 e - a scroll of teleportation
Potions
 d - 2 potions of resistance
 h - 2 potions of flight
 i - 2 potions of berserk rage
 l - a potion of degeneration
 n - a potion of attraction


   Skills:
 + Level 2.2 Fighting
 + Level 4.2 Dodging
 - Level 2.4 Stealth
 + Level 5.0 Spellcasting
 * Level 6.5 Summonings


You had 4 spell levels left.
You knew the following spells:

 Your Spells              Type           Power      Damage    Failure   Level
a - Summon Small Mammal   Summ           100%       N/A       1%          1
b - Call Imp              Summ           34%        N/A       1%          2
c - Call Canine Familiar  Summ           34%        N/A       1%          3
d - Summon Guardian Gole  Hex/Summ       19%        N/A       8%          3
e - Passwall              Tmut/Erth      4%         N/A       16%         2

Your spell library contained the following spells:

 Spells                   Type           Power      Damage    Failure   Level
 Apportation              Tloc           10%        N/A       10%         1
 Foxfire                  Conj/Fire      20%        2x1d5     10%         1
 Necrotise                Necr           20%        1d5       10%         1
 Ensorcelled Hibernation  Hex/Ice        10%        N/A       16%         2
 Summon Lightning Spire   Summ/Air       19%        N/A       26%         4
 Conjure Flame            Conj/Fire      5%         6-21      30%         3
 Gell's Gravitas          Tloc           5%         N/A       30%         3
 Ignite Poison            Fire/Tmut/Pois 5%         N/A       30%         3
 Inner Flame              Hex/Fire       5%         N/A       30%         3
 Lesser Beckoning         Tloc           5%         N/A       30%         3
 Mephitic Cloud           Conj/Pois/Air  5%         N/A       30%         3
 Swiftness                Air            5%         N/A       30%         3
 Teleport Other           Tloc           5%         N/A       30%         3
 Flame Wave               Conj/Fire      5%         2d5       69%         4
 Freezing Cloud           Conj/Ice/Air   2%         6-21      95%         5
 Dispersal                Tloc           2%         N/A       100%        6


Dungeon Overview and Level Annotations

Branches:
Dungeon (4/15)              Sewer (1/1)
 Temple: D:4-7

Altars:
The Shining One

Shops:
D:2 =


Message History

The bullfrog closely misses you.
Your crimson imp blinks!
The bullfrog misses you.
Your hound closely misses the bullfrog.
The bullfrog hits you but does no damage.
The bullfrog barely misses you.
Your hound bites the bullfrog.
The bullfrog hits you but does no damage.
The bullfrog closely misses your hound. The bullfrog attacks as you move away!
The bullfrog hits you but does no damage.
Your hound splashes around in the water.
The bullfrog closely misses your hound. The bullfrog hits you.
* * * LOW HITPOINT WARNING * * *
Okay, then.
Okay, then.
Your hound splashes around in the water.
The bullfrog hits your hound! The bullfrog barely misses your hound.
The bullfrog barely misses you. The bullfrog misses your hound.
The bullfrog hits you.
* * * LOW HITPOINT WARNING * * *
The bullfrog barely misses your hound. The bullfrog misses you.
Your crimson imp disappears in a puff of smoke!
The bullfrog hits your hound!
Your hound splashes around in the water.
The bullfrog hits you but does no damage.
The bullfrog hits your hound.
Your hound bites the bullfrog.
The bullfrog hits your hound.
Your hound misses the bullfrog.
Casting: Summon Guardian Golem (dangerous; 8% risk of failure)
Confirm with . or Enter, or press ? or * to list all spells.
The bullfrog hits you.
* * * LOW HITPOINT WARNING * * *
The bullfrog hits your hound.
Your hound dies!
Your hound's corpse disappears in a puff of smoke!
The bullfrog closely misses you.
The bullfrog completely misses your guardian golem.
The bullfrog attacks as you move away! The bullfrog hits you.
You die...

#~~#~.#≈≈~.~~~~≈#~~~#†#~~#
#~~#~.#≈≈~.~~.~≈#.~∩#~#~~#
#~.#~.## ##9~~#~#~~#
#~†##~~# #F.###~#~~#
#~~~#.~## ##~~#~.~#~.#
##~~#~~~## ##~~~#.~##.##
#.†##~.~#####~~~##~.#~.#
#~~~#~~~~~.~~~~~#~†.#.∩#
##~~##~.~~~@Fr~##.~##..#
#~~~##~~~~~~~##~~.#..##
#~~~~###~~~###~~~.#~~
##~~~~.#####.~~~~##∩#
##~~~..~~~.~~~.####
##~~~†~.~~...##
###~†~~~~~### #########


You could see 2 bullfrogs, a friendly guardian golem (summoned) and a friendly
quokka (summoned, sheltered).

Vanquished Creatures
  2 adders
  4 endoplasms
  3 giant cockroaches
  A goblin (D:3)
  6 hobgoblins
  2 jackals (D:2)
  2 ball pythons
  A frilled lizard (Sewer)
  A kobold (D:1)
22 creatures vanquished.

Vanquished Creatures (collateral kills)
  A necrophage (D:4)
  A scorpion (D:4)
  Natasha (twice) (D:2)
  An iguana (D:4)
  Robin (D:2)
  4 adders
  5 orcs (D:3)
  2 bats
  16 endoplasms
  9 giant cockroaches
  6 goblins
  5 hobgoblins
  4 kobolds
  9 quokkas
  13 ball pythons
  8 frilled lizards
  2 rats (D:1)
89 creatures vanquished.

Vanquished Creatures (others)
  An orc priest (D:3)
1 creature vanquished.

Grand Total: 112 creatures vanquished

Notes
Turn   | Place    | Note
-------+----------+-------------------------------------------
     0 | D:1      | raph the Deep Elf Summoner began the quest for the Orb.
     0 | D:1      | Reached XP level 1. HP: 10/10 MP: 6/6
   265 | D:1      | Reached XP level 2. HP: 15/15 MP: 4/8
   311 | D:1      | Learned a level 2 spell: Call Imp
   648 | D:1      | Found a faded altar of an unknown god.
  1422 | D:1      | Reached XP level 3. HP: 20/20 MP: 5/9
  1426 | D:1      | Learned a level 3 spell: Call Canine Familiar
  1694 | D:2      | Reached skill level 5 in Summonings
  1719 | D:2      | Noticed Robin
  1737 | D:2      | Killed Robin
  1738 | D:2      | Reached skill level 1 in Fighting
  1859 | D:2      | Reached XP level 4. HP: 24/25 MP: 8/11
  2000 | D:2      | Learned a level 3 spell: Summon Guardian Golem
  2189 | D:2      | Found Nyhif's Jewellery Shop.
  2296 | D:2      | Found a glowing golden altar of the Shining One.
  2451 | D:2      | Noticed Natasha
  2459 | D:2      | Killed Natasha
  2524 | D:2      | Noticed Natasha
  2532 | D:2      | Killed Natasha
  2886 | D:2      | Reached XP level 5. HP: 29/29 MP: 5/13
  4147 | D:4      | Reached skill level 6 in Summonings
  4188 | D:4      | Reached XP level 6. HP: 15/35 MP: 10/14
  4461 | D:4      | Learned a level 2 spell: Passwall
  4587 | D:4      | Found a glowing drain.
  4630 | Sewer    | Entered a sewer
  4905 | Sewer    | Reached skill level 5 in Spellcasting
  5000 | Sewer    | Slain by a bullfrog

Illustrated notes

Levels and vault maps discovered:
D:1:      heliophobic_arrival_henge, layout_basic,
          shapermc_ecumenical_altar_pompeii, minmay_misc_feat_tiny,
          feat_on_display
D:2:      layout_basic, basic_altar, serial_shops, nicolae_shop_crystal,
          minivault_27, uniq_robin, uniq_natasha
D:3:      layout_loops_corners
D:4:      layout_basic, portal_sewer_entry_f
Sewer:    sewer_frog_island_02

Skill      XL: |  1  2  3  4  5  6 |
---------------+-------------------+-----
Summonings     | 5 6 |  6.5
Dodging        | 3 4 |  4.2
Fighting       | 1 2 |  2.2
Spellcasting   | 4 5 |  5.0
Stealth        | |  2.4

Action                   |  1- 3 |  4- 6 || total
-------------------------+-------+-------++-------
Melee: Dagger            |    28 |    82 ||   110
 Cast: Summon Small Mamm |    38 |    30 ||    68
       Call Imp          |     8 |    16 ||    24
       Call Canine Famil |     2 |    21 ||    23
       Summon Guardian G |       |     9 ||     9
  Use: Scroll            |       |    11 ||    11
       Potion            |       |     2 ||     2
 Stab: Sleeping          |     3 |     5 ||     8
       Distracted        |       |     2 ||     2
Armor: Robe              |     7 |    41 ||    48
Dodge: Dodged            |    31 |    91 ||   122
